 Dungeon Crawl Stone Soup version 0.20.1-1-g8b1a95d (webtiles) character file.

131 renl the Ruffian (level 5, -5/41 (42) HPs)
             Began as a Ghoul Gladiator on July 9, 2017.
             Slain by an iguana (11 damage)
             ... on level 4 of the Dungeon.
             The game lasted 00:06:38 (1503 turns).

renl the Ruffian (Ghoul Gladiator)                  Turns: 1503, Time: 00:06:39

HP:   -5/41 (42)    AC:  8    Str: 18    XL:     5   Next: 14%
MP:   4/4           EV: 10    Int:  3    God:
Gold: 135           SH:  0    Dex: 11    Spells: 4/4 levels left

rFire    . . .     SeeInvis .     - Unarmed
rCold    + . .     Gourm    .   (no shield)
rNeg     + + +     Faith    .   e - +0 scale mail (curse)
rPois    ∞         Spirit   .   b - +1 helmet
rElec    .         Reflect  .   (no cloak)
rCorr    .         Harm     .   (no gloves)
MR       .....                  (no boots)
Stlth    +.........             m - amulet of inaccuracy (curse)
Regen    0.0/turn               q - ring of stealth
MPRegen  0.1/turn               (no ring)

@: rotting
A: rotting body, claws 1, carnivore 3, cold resistance 1, negative energy
resistance 3, inhibited regeneration, torment resistance, unbreathing
a: no special abilities


You were on level 4 of the Dungeon.
You were not hungry.

You visited 1 branch of the dungeon, and saw 4 of its levels.

You collected 135 gold pieces.

Inventory:

Missiles
 c - 3 throwing nets (quivered)
Armour
 b - a +1 helmet (worn)
 e - a cursed +0 scale mail (worn)
Jewellery
 m - a cursed amulet of inaccuracy (around neck)
 q - a ring of stealth (left claw)
Scrolls
 g - a scroll of teleportation
 i - a scroll of identify {unknown}
 l - 3 scrolls of remove curse {unknown}
 p - a scroll of recharging {unknown}
Potions
 a - 2 potions of berserk rage {unknown}
 j - a potion of might {unknown}
 k - a potion of degeneration {unknown}
 n - a potion of cancellation {unknown}
 o - a potion of heal wounds {unknown}
Comestibles
 d - 3 meat rations
 f - 5 chunks of flesh
 h - a royal jelly


   Skills:
 + Level 2.6 Fighting
 - Level 1.7 Throwing
 + Level 0.5 Armour
 + Level 3.2 Dodging
 * Level 5.5 Unarmed Combat


You had 4 spell levels left.
You didn't know any spells.

Dungeon Overview and Level Annotations

Branches:
Dungeon (4/15)
 Temple: D:4-7

Altars:
Gozag


Innate Abilities, Weirdness & Mutations

Your body is rotting away.
You thrive on raw meat.
You are immune to poison.
You have sharp fingernails.
You are carnivorous and can eat meat at any time.
Your flesh is cold resistant. (rC+)
You are immune to negative energy. (rN+++)
You do not regenerate when monsters are visible.
You are immune to unholy pain and torment.
You can survive without breathing.


Message History

* * * LOW HITPOINT WARNING * * *
You barely miss the iguana.
The iguana is almost dead.
The iguana closely misses you.
You barely miss the iguana.
The iguana is almost dead.
The iguana bites you but does no damage.
You closely miss the iguana.
The iguana is almost dead.
You scratch the iguana but do no damage.
The iguana is almost dead.
The iguana bites you but does no damage.
You miss the iguana.
The iguana is almost dead.
The iguana bites you.
* * * LOW HITPOINT WARNING * * *
You closely miss the iguana.
The iguana is almost dead.
The iguana bites you!
You die...

## >####
....
..#######
#?..=.?.#
#l# #@#
#.# ..#
..## ...
##.. #..
#..


You could see an iguana.

Vanquished Creatures
  A hound skeleton (D:4)
  3 adders (D:3)
  3 gnolls (D:3)
  An ooze (D:1)
  A worm (D:3)
  A dart slug (D:2)
  An orc (D:4)
  A giant cockroach (D:1)
  3 goblins
  9 hobgoblins
  11 kobolds
  A quokka (D:2)
  2 ball pythons
  6 bats
  5 frilled lizards
  10 rats
59 creatures vanquished.

Notes
Turn   | Place    | Note
-------+----------+-------------------------------------------
     0 | D:1      | renl the Ghoul Gladiator began the quest for the Orb.
     0 | D:1      | Reached XP level 1. HP: 17/17 MP: 0/0
   108 | D:1      | Reached XP level 2. HP: 18/25 MP: 1/1
   360 | D:1      | Reached skill level 4 in Unarmed Combat
   408 | D:1      | Reached XP level 3. HP: 29/30 MP: 2/2
  1042 | D:3      | Reached XP level 4. HP: 36/37 MP: 3/3
  1132 | D:3      | Found an opulent altar of Gozag.
  1256 | D:3      | Reached skill level 5 in Unarmed Combat
  1398 | D:3      | Reached XP level 5. HP: 39/42 MP: 4/4
  1503 | D:4      | Slain by an iguana

Skill      XL: |  1  2  3  4 |
---------------+-------------+-----
Unarmed Combat | 4 5 |  5.5
Dodging        | 3 |  3.2
Fighting       | |  2.6
Throwing       | |  1.7
Armour         | |  0.5

Action                   |  1- 3 |  4- 6 || total
-------------------------+-------+-------++-------
Melee: Unarmed           |   142 |   130 ||   272
       Punch             |       |     2 ||     2
  Use: Scroll            |     5 |       ||     5
  Eat: Chunk             |     5 |    10 ||    15
Armor: Scale mail        |    57 |    60 ||   117
       Leather armour    |     2 |       ||     2
Dodge: Dodged            |    83 |    89 ||   172
